 Dungeon Crawl Stone Soup version 0.13.0-21-ge43020b (webtiles) character file.

112 HungrySpirit the Chopper (level 3, -3/22 HPs)
             Began as a Gargoyle Gladiator on Oct 26, 2013.
             Killed by nerve-wracking pain
             ... invoked by an orc priest
              (6 damage)
             ... on Level 3 of the Dungeon.
             The game lasted 00:01:54 (1099 turns).

HungrySpirit the Chopper (Gargoyle Gladiator)       Turns: 1099, Time: 00:01:55

HP  -3/22        AC 10     Str 19      XL: 3   Next: 75%
MP   2/2         EV 10     Int  8      God:
Gold 63          SH  0     Dex 10      Spells:  0 memorised,  2 levels left

Res.Fire  : . . .   See Invis. : .   a - +0 hand axe {=f}
Res.Cold  : . . .   Warding    : .   l - +1 ring mail
Life Prot.: + . .   Conserve   : .   (no shield)
Res.Poison: +       Res.Corr.  : .   c - +0 helmet
Res.Elec. : +       Clarity    : .   (no cloak)
Sust.Abil.: . .     Spirit.Shd : .   (no gloves)
Res.Mut.  : .       Stasis     : .   (no boots)
Res.Rott. : +       Flight     : .   (no amulet)
Saprovore : . . .                    (no ring)
                                     (no ring)

@: not resistant to hostile enchantments, extremely unstealthy
A: fangs 1, talons 2, life protection 1, electricity resistance, slow metabolism
1, unbreathing, petrification resistance, AC +3
a: no special abilities


You were on level 3 of the Dungeon.
You were not hungry.

You visited 1 branch of the dungeon, and saw 3 of its levels.

You collected 43 gold pieces.

Inventory:

Hand weapons
 a - a +0,+0 hand axe (weapon) {=f}
Missiles
 d - 3 throwing nets (quivered)
Armour
 c - a +0 helmet (worn)
 l - a +1 ring mail (worn)
Comestibles
 f - 2 bread rations
Scrolls
 b - a scroll of random uselessness {unknown}
 e - 3 scrolls of remove curse {unknown}
 h - 5 scrolls of identify {unknown}
 i - a scroll of fog {unknown}
 m - 2 scrolls of recharging {unknown}
 n - a scroll of curse jewellery {unknown}
Jewellery
 j - an uncursed ring of sustain abilities {unknown}
 o - an uncursed ring of protection from fire {unknown}
Potions
 g - a potion of confusion {unknown}
 k - 2 potions of heal wounds {unknown}


   Skills:
 - Level 2.1 Fighting
 * Level 4.1 Axes
 - Level 2.0 Throwing
 - Level 2.4 Dodging


You had 2 spell levels left.
You didn't know any spells.

Dungeon Overview and Level Annotations

Branches:
Dungeon (3/27)

Altars:


Innate Abilities, Weirdness & Mutations

You are resistant to torment.
You are immune to poison.
Your stone body is very resilient (AC +3).
You have very sharp teeth.
You have razor-sharp toenails.
You resist negative energy.
You are resistant to electric shocks.
You have a slow metabolism.
You can survive without breathing.
You are immune to petrification.


Message History

Pain shoots through your body!
* * * LOW HITPOINT WARNING * * *
An orc comes into view. It is wielding an orcish hand axe.
The orc shouts!
The orc priest invokes the aid of Beogh against you.
You resist.
An orc comes into view.
The giant cockroach bites you.
* * * LOW HITPOINT WARNING * * *
A gnoll comes into view. It is wielding a whip.
You hit the giant cockroach.
You kill the giant cockroach!
You hit the orc priest. Your kick misses the orc priest.
The orc priest is lightly wounded.
The orc priest misses you. The kobold hits you.
* * * LOW HITPOINT WARNING * * *
Unknown command.
The orc priest mumbles some strange prayers to Beogh against you.
Pain shoots through your body!
You die...

#..# ##..##
.... #..# #
#..# #g###..#
#####.#....###
..g..oooogK...#
#####.#@###..#
# #.# #..# #.#
#..# .#.# #..#
....###..####.#
#.......).....#
#######..######
#.(# #.(#


You could see an orc priest, a gnoll, 3 orcs, a hobgoblin, a goblin and a
kobold.

Vanquished Creatures
  A worm (D:2)
  2 giant geckos (D:1)
  2 oozes (D:2)
  2 giant cockroaches
  5 goblins
  3 hobgoblins
  5 kobolds
  A ball python (D:1)
  7 bats
  3 giant newts
  2 jackals (D:3)
  8 rats
41 creatures vanquished.

Notes
Turn   | Place    | Note
--------------------------------------------------------------
     0 | D:1      | HungrySpirit, the Gargoyle Gladiator, began the quest for the Orb.
     0 | D:1      | Reached XP level 1. HP: 13/13 MP: 0/0
   145 | D:1      | Reached skill level 3 in Axes
   289 | D:1      | Reached XP level 2. HP: 15/18 MP: 1/1
   628 | D:2      | Reached XP level 3. HP: 18/22 MP: 2/2
   810 | D:2      | Reached skill level 4 in Axes
  1099 | D:3      | Killed from afar by an orc priest

Action                   || total
-------------------------++-------
Melee: Hand axe          ||   111
